 Dungeon Crawl Stone Soup version 0.31-a0-210-gccc998df9b (webtiles) character file.

Game seed: 7925923295809885149

610 qw the Chopper (level 7, -9/44 HPs)
             Began as a Gargoyle Fighter on June 29, 2023.
             Was an Initiate of Okawaru.
             Mangled by an orc warrior
             ... wielding a +0 scimitar
              (12 damage)
             ... on level 5 of the Dungeon.
             The game lasted 00:01:41 (3066 turns).

qw the Chopper (Gargoyle Fighter)                   Turns: 3066, Time: 00:01:41

Health: -9/44      AC: 22    Str: 22    XL:     7   Next: 43%
Magic:  7/7        EV:  6    Int:  8    God:    Okawaru [......]
Gold:   246        SH:  4    Dex:  9    Spells: 6/6 levels left

rFire   . . .        Y - +1 war axe
rCold   . . .        c - +0 buckler
rNeg    + + .        e - +0 plate armour
rPois   inf          h - +2 helmet
rElec   +            g - +0 cloak
rCorr   .            (no gloves)
SInv    .            n - +0 pair of boots
Will    .....        (no amulet) Stlth
                     r - ring of positive energy
HPRegen 0.27/turn    (no ring)
MPRegen 0.10/turn

%: no passive effects
@: about to teleport
A: sickness immunity, AC +4, negative energy resistance 1, electricity
resistance, torment resistance 1, petrification resistance
a: Renounce Religion


You were on level 5 of the Dungeon.
You worshipped Okawaru.
Okawaru was noncommittal.
You visited 1 branch of the dungeon, and saw 5 of its levels.

You collected 246 gold pieces.


Innate Abilities, Weirdness & Mutations

You are immune to sickness and miasma.
Your stone body is resilient. (AC +4)
You are immune to poison.
You resist negative energy. (rN+)
You are resistant to electric shocks. (rElec)
You are resistant to unholy torment.
You are immune to petrification.


   Skills:
 - Level 4.3 Fighting
 + Level 6.2 Axes
 - Level 1.7 Throwing
 - Level 4.0 Armour
 - Level 3.2 Shields


You had 6 spell levels left.
You didn't know any spells.
Your spell library was empty.

Inventory:

Hand Weapons
 u - a +0 flail
 Y - a +1 war axe (weapon)
Armour
 c - a +0 buckler (worn)
 e - a +0 plate armour (worn)
 g - a +0 cloak (worn)
 h - a +2 helmet (worn)
 n - a +0 pair of boots (worn)
Jewellery
 o - an amulet of guardian spirit
 r - a ring of positive energy (left hand)
Scrolls
 b - a scroll of identify
Potions
 a - 2 potions of heal wounds
 d - a potion of might
 f - a potion of cancellation {unknown}
 i - a potion of magic
 j - a potion of haste {unknown}
 k - 4 potions of curing
 l - a potion of degeneration {unknown}
 m - a potion of lignification
 s - a potion of enlightenment {unknown}
 t - a potion of mutation {unknown}

Dungeon Overview and Level Annotations

Branches:
Dungeon (5/15)
 Temple: D:4-7

Altars:
Dithmenos
Kikubaaqudgha
Okawaru
Vehumet


Message History

The black bear is heavily wounded.
You hit the orc warrior but do no damage.
The black bear barely misses you. You block the black bear's attack.
The black bear claws you but does no damage.
You block the orc warrior's attack.
The black bear bites you but does no damage.
The black bear barely misses you. The black bear claws you.
You block the orc warrior's attack.
You barely miss the black bear.
The black bear is heavily wounded.
You hit the orc warrior. You block the orc warrior's attack.
The black bear barely misses you.
The black bear claws you but does no damage. x2
You hit the black bear but do no damage.
The black bear is heavily wounded.
You hit the orc warrior but do no damage.
The orc warrior hits you with a +0 scimitar.
The black bear bites you but does no damage.
The black bear claws you but does no damage.
The black bear barely misses you.
You hit the black bear but do no damage.
The black bear is heavily wounded.
You hit the orc warrior.
The black bear bites you but does no damage.
The black bear claws you but does no damage.
The black bear claws you.
The orc warrior hits you with a +0 scimitar!
You hit the black bear.
The black bear is heavily wounded.
You closely miss the orc warrior.
The orc warrior hits you with a +0 scimitar!
The black bear barely misses you.
The black bear claws you but does no damage. x2
3066 ||| READING scroll of teleportation.
As you read the scroll of teleportation, it crumbles to dust.
You feel strangely unstable.
The black bear bites you but does no damage.
The black bear claws you but does no damage. x2
The orc warrior hits you with a +0 scimitar!
You die...

######### #.......####
#........).######
#.......##.....@#
#######....####ho.(....
####.## ##......( #.?##
#..###. ##..#####...
##.....###.. #####.#
#..# #.# #...
##.##.....


You could see an orc warrior and a black bear.

Vanquished Creatures
  An ogre (D:5)
  A kobold brigand (D:4)
  2 hounds
  A jelly (D:4)
  2 orc priests (D:5)
  Natasha (thrice) (D:4)
  Robin (D:2)
  7 gnolls
  6 adders
  A worm (D:2)
  2 dart slugs (D:4)
  6 orcs
  5 bats
  5 endoplasms
  4 giant cockroaches
  13 goblins
  10 hobgoblins
  8 jackals
  2 quokkas (D:4)
  7 ball pythons
  3 frilled lizards
  4 kobolds
  2 rats
96 creatures vanquished.

Notes
Turn   | Place    | Note
-------+----------+-------------------------------------------
     0 | D:1      | qw the Gargoyle Fighter began the quest for the Orb.
     0 | D:1      | Reached XP level 1. HP: 14/14 MP: 1/1
     0 | D:1      | 0 ||| qw: Version: 0.3-a-24-ga2abf7b
     0 | D:1      | 0 ||| qw: Game counter: 7030
     0 | D:1      | 0 ||| qw: Melee chars always use a shield: true
     0 | D:1      | 0 ||| qw: God list: Okawaru
     0 | D:1      | 0 ||| qw: Allow faded altars: false
     0 | D:1      | 0 ||| qw: Do Orc after clearing Dungeon:15 true
     0 | D:1      | 0 ||| qw: Do second Lair branch before Depths: true
     0 | D:1      | 0 ||| qw: Lair rune preference: random
     0 | D:1      | 0 ||| qw: Goals: Normal, Zot:1-4, Slime:5, God:TSO, Crypt,
                  | Tomb, Abyss, Pan, Hells, Win
     0 | D:1      | 0 ||| PLANNING D:1-11
    51 | D:1      | Reached skill level 2 in Axes
   151 | D:1      | 151 ||| Stepping ~*~*~tactically~*~*~ (stealth).
   161 | D:1      | Reached XP level 2. HP: 14/19 MP: 2/2
   621 | D:1      | 621 ||| UPGRADING to +0 helmet.
   626 | D:1      | 626 ||| UPGRADING to +0 cloak.
   631 | D:1      | 631 ||| UPGRADING to amulet of guardian spirit.
   636 | D:1      | 636 ||| READING scroll labelled JIRCHY VUOTTACH.
   637 | D:1      | 637 ||| READING scroll labelled HAIH CULYLO.
   647 | D:1      | 647 ||| READING scroll labelled ZUPTUT XAIXTI.
   650 | D:1      | 650 ||| DRINKING 2 golden potions.
   651 | D:1      | 651 ||| DRINKING 5 blue potions.
   693 | D:2      | Reached skill level 3 in Axes
   693 | D:2      | Reached XP level 3. HP: 23/23 MP: 3/3
   735 | D:2      | Noticed Robin
   763 | D:2      | Killed Robin
   764 | D:2      | Reached XP level 4. HP: 8/28 MP: 2/4
   767 | D:2      | HP: 6/28 [goblin/+0 club[Robin] (3)]
   886 | D:2      | 886 ||| DROPPING +0 club.
   937 | D:2      | Reached skill level 4 in Axes
  1160 | D:2      | 1160 ||| Stepping ~*~*~tactically~*~*~ (stealth).
  1343 | D:2      | 1343 ||| UPGRADING to +2 helmet.
  1353 | D:2      | 1353 ||| DROPPING +0 helmet.
  1354 | D:2      | 1354 ||| UPGRADING to +2 chain mail of poison resistance.
  1364 | D:2      | 1364 ||| DROPPING +0 scale mail.
  1365 | D:2      | 1365 ||| READING scroll labelled HANIWKY JAONOV.
  1366 | D:2      | 1366 ||| READING scroll labelled LEPLAUFO ZUANG.
  1367 | D:2      | 1367 ||| READING scroll labelled ICOLAOT ERUO.
  1368 | D:2      | 1368 ||| DRINKING 2 metallic sapphire potions.
  1549 | D:3      | Found a radiant altar of Vehumet.
  1591 | D:3      | Found a shadowy altar of Dithmenos.
  1773 | D:3      | 1773 ||| Stepping ~*~*~tactically~*~*~ (stealth).
  1789 | D:3      | 1789 ||| Stepping ~*~*~tactically~*~*~ (stealth).
  2045 | D:3      | 2045 ||| UPGRADING to ring of positive energy.
  2046 | D:3      | 2046 ||| READING 2 scrolls labelled EZAS KOLIFOARCH.
  2047 | D:3      | 2047 ||| READING scroll labelled PUORUEM NOCA.
  2048 | D:3      | 2048 ||| DROPPING scroll of immolation.
  2057 | D:4      | Noticed Natasha
  2058 | D:4      | 2058 ||| Stepping ~*~*~tactically~*~*~ (hiding).
  2059 | D:4      | Found an ancient bone altar of Kikubaaqudgha.
  2064 | D:4      | Killed Natasha
  2065 | D:4      | Reached XP level 5. HP: 27/32 MP: 3/5
  2112 | D:4      | Noticed a kobold brigand
  2122 | D:4      | Reached skill level 5 in Axes
  2134 | D:4      | Killed a kobold brigand
  2135 | D:4      | Reached XP level 6. HP: 38/39 MP: 6/6
  2216 | D:4      | Noticed Natasha
  2220 | D:4      | Killed Natasha
  2267 | D:4      | 2267 ||| Stepping ~*~*~tactically~*~*~ (stealth).
  2393 | D:4      | Found an iron altar of Okawaru.
  2394 | D:4      | 2394 ||| PLANNING OKAWARU WORSHIP
  2394 | D:4      | 2394 ||| UPGRADING to +0 plate armour.
  2404 | D:4      | 2404 ||| DROPPING +2 chain mail of poison resistance.
  2405 | D:4      | 2405 ||| READING scroll labelled HIAMUIBICI.
  2406 | D:4      | 2406 ||| DRINKING 2 sapphire potions.
  2453 | D:4      | Became a worshipper of Warmaster Okawaru
  2454 | D:4      | 2454 ||| PLANNING D:1-11
  2454 | D:4      | 2454 ||| REMOVING amulet of guardian spirit.
  2763 | D:4      | Noticed Natasha
  2767 | D:4      | Killed Natasha
  2822 | D:4      | 2822 ||| UPGRADING to +0 pair of boots.
  2865 | D:5      | Entered Level 5 of the Dungeon
  2873 | D:5      | Reached skill level 6 in Axes
  2884 | D:5      | Reached XP level 7. HP: 25/44 MP: 7/7
  2956 | D:5      | 2956 ||| DROPPING +0 mace.
  2957 | D:5      | 2957 ||| DROPPING +2 whip of holy wrath.
  2985 | D:5      | Reached skill level 1 in Throwing
  3065 | D:5      | HP: 2/44 [orc warrior/+0 scimitar (10)]
  3066 | D:5      | 3066 ||| READING scroll of teleportation.
  3066 | D:5      | Mangled by an orc warrior

Levels and vault maps discovered:
D:1:      lightli_arrival_lavapool, layout_rooms, minmay_misc_feat_iff
D:2:      layout_basic, uniq_robin
D:3:      layout_basic, grunt_dithmenos_smoke, vehumet_crystals, serial_bayou,
          serial_bayou_pond_c, serial_bayou_pond_b, serial_bayou_pond_c,
          serial_bayou_shore_b
D:4:      layout_loops_ring, mainiacjoe_overflow_small_starburst,
          kiku_gazebo_pond_becter, uniq_natasha
D:5:      layout_rooms, uniq_blork_the_orc

Skill      XL: |  1  2  3  4  5  6  7 |
---------------+----------------------+-----
Axes           | 2 3 4 5 6 |  6.2
Fighting       | 4 |  4.3
Armour         | 4 |  4.0
Throwing       | 1 |  1.7
Shields        | |  3.2

Action                     |  1- 3 |  4- 6 |  7- 9 || total
---------------------------+-------+-------+-------++-------
  Melee: War axe           |    86 |   146 |    21 ||   253
  Throw: Javelin           |       |       |     3 ||     3
    Use: Scroll            |     3 |     6 |     1 ||    10
         Potion            |     2 |     2 |       ||     4
 Armour: Scale mail        |    63 |    11 |       ||    74
         Chain mail        |       |    70 |       ||    70
         Plate armour      |       |    33 |    34 ||    67
  Dodge: Dodged            |    49 |    58 |     9 ||   116
  Block: Buckler           |    25 |    42 |     9 ||    76

Table legend:
 A = Non-vault XP
 B = Vault XP
 C = Vault XP percentage of total XP
 D = Non-vault monster count
 E = Vault monster count
 F = Vault count percentage of total count
                 A         B        C        D         E       F
            +---------+---------+-------+---------+---------+-------
      Total |     786 |      86 |   9.9 |      79 |      17 |  17.7
            +---------+---------+-------+---------+---------+-------
        D:1 |      28 |       0 |   0.0 |      16 |       0 |   0.0
        D:2 |      53 |      38 |  41.8 |      14 |      13 |  48.1
        D:3 |      26 |      16 |  38.1 |      10 |       3 |  23.1
        D:4 |     348 |      32 |   8.4 |      25 |       1 |   3.8
        D:5 |     331 |       0 |   0.0 |      14 |       0 |   0.0
            +---------+---------+-------+---------+---------+-------
